 Dungeon Crawl Stone Soup version 0.28.0-45-g0d030f2227 (webtiles) character file.

Game seed: 16663852167126107195

2789 seaoflcl the Carver (level 10, -7/76 HPs)
             Began as a Human Fighter on Apr 12, 2022.
             Was an Initiate of the Shining One.
             Splashed by a brown ugly thing's acid (8 damage)
             ... on level 6 of the Dungeon.
             The game lasted 00:12:04 (7692 turns).

seaoflcl the Carver (Human Fighter)                 Turns: 7692, Time: 00:12:04

Health: -7/76      AC: 10    Str: 21    XL:     10   Next: 1%
Magic:  10/10      EV:  8    Int:  8    God:    the Shining One [......]
Gold:   519        SH:  5    Dex: 16    Spells: 9/9 levels left

rFire   . . .      SeeInvis .   a - +5 long sword "Ameheaki" {flame, *Noise rC+ Dex+3}
rCold   + . .      Faith    .   c - +0 buckler
rNeg    . . .      Spirit   .   y - +0 chain mail
rPois   .          Reflect  .   q - +0 helmet
rElec   .          Harm     .   g - scarf {+Inv}
rCorr   .          Rampage  .   (no gloves)
Will    .....                   x - +2 pair of boots
Stlth   ..........              (no amulet)
HPRegen 0.22/turn               (no ring)
MPRegen 0.12/turn               (no ring)

@: mighty, corroded, flying, glowing
A: no striking features
a: Renounce Religion, Evoke Invisibility


You were on level 6 of the Dungeon.
You worshipped the Shining One.
The Shining One was noncommittal.
You visited 2 branches of the dungeon, and saw 8 of its levels.
You also visited: Sewer and Ossuary.

You collected 519 gold pieces.

Inventory:

Hand Weapons
 a - the +5 long sword "Ameheaki" (weapon) {flame, *Noise rC+ Dex+3}
   (You found it on level 2 of the Dungeon)

   It burns those it strikes, dealing additional fire damage.
   Big, fiery blades are also staple armaments of hydra-hunters.
   Dex:       It affects your dexterity (+3).
   rC:        It protects you from cold.
   *Noise:    It may make noises in combat.
 b - a +0 hunting sling
 l - a +0 long sword
 C - a +4 dire flail of protection
Missiles
 e - 52 sling bullets
Armour
 c - a +0 buckler (worn)
 g - a scarf of invisibility (worn)
 q - a +0 helmet (worn)
 x - a +2 pair of boots (worn)
 y - a +0 chain mail (worn)
Jewellery
 E - a ring of protection from fire
Wands
 o - a wand of mindburst (10)
 G - a wand of flame (15)
Scrolls
 f - a scroll of noise {unknown}
 i - 2 scrolls of amnesia
 j - a scroll of magic mapping
 k - 3 scrolls of teleportation
 m - a scroll of holy word {unknown}
 s - 3 scrolls of blinking
 t - a scroll of fog {unknown}
 z - a scroll of fear {unknown}
 A - a scroll of enchant weapon {unknown}
 D - a scroll of enchant armour {unknown}
 H - a scroll of brand weapon {unknown}
Potions
 d - a potion of might
 n - a potion of curing
 p - 3 potions of attraction
 r - a potion of brilliance
 v - a potion of lignification
 w - a potion of cancellation {unknown}
 B - a potion of heal wounds {unknown}
 F - a potion of invisibility
 I - 2 potions of berserk rage


   Skills:
 + Level 5.8 Fighting
 + Level 9.5 Long Blades
 + Level 6.4 Armour
 + Level 2.0 Dodging
 + Level 0.6 Stealth
 + Level 5.4 Shields


You had 9 spell levels left.
You didn't know any spells.
Your spell library contained the following spells:

 Spells                   Type           Power      Damage    Failure   Level
 Olgreb's Toxic Radiance  Pois           0%         N/A       100%        4
 Ozocubu's Refrigeration  Ice            0%         4d5       100%        7
 Ignition                 Fire           0%         3d3       100%        8


Dungeon Overview and Level Annotations

Branches:
Dungeon (7/15)             Temple (1/1) D:6           Sewer (visited)
Ossuary (visited)

Altars:
Ashenzari
Cheibriados
Dithmenos
Elyvilon
Fedhas
Gozag
Hepliaklqana
Makhleb
Nemelex Xobeh
Okawaru
Qazlal
Ru
Trog
Uskayaw
Vehumet
Wu Jian
Xom
Yredelemnul
Zin
The Shining One

Shops:
D:1 (   D:5 :

Annotations:
D:5 2 transporters


Message History

A brown ugly thing comes into view.
The gnoll hits you but does no damage.
You barely miss the gnoll.
The brown ugly thing gurgles horribly!
You block the gnoll's attack.
You barely miss the gnoll. The gnoll hits you with a +0 spear.
* * * LOW HITPOINT WARNING * * *
You hit the gnoll. You burn the gnoll.
The gnoll is moderately wounded.
The gnoll hits you with a +0 spear.
* * * LOW HITPOINT WARNING * * *
You barely miss the gnoll.
The gnoll is moderately wounded.
You block the gnoll's attack.
There is a stone staircase leading up here.
The brown ugly thing headbutts you but does no damage.
You climb upwards.
There is a stone staircase leading down here.
The brown ugly thing headbutts you but does no damage.
Your divine halo glows too brightly to become invisible.
You feel very buoyant.
You fly up into the air.
The brown ugly thing headbutts you but does no damage.
The brown ugly thing headbutts you but does no damage.
Your divine halo glows too brightly to become invisible.
You feel very mighty all of a sudden.
The brown ugly thing headbutts you but does no damage.
You hit the brown ugly thing. You burn the brown ugly thing.
The brown ugly thing is lightly wounded.
The brown ugly thing headbutts you!
* * * LOW HITPOINT WARNING * * *
You are splashed with acid!
* * * LOW HITPOINT WARNING * * *
There is a stone staircase leading down here.
You slash the brown ugly thing! You burn the brown ugly thing.
The brown ugly thing is moderately wounded.
The brown ugly thing headbutts you.
* * * LOW HITPOINT WARNING * * *
The acid corrodes you!
You are splashed with acid!
You die...

.<....# #.# ##...#### #.....#
####.#### ##...... #.....#
#.......#### #.##### ###.###
#...[......# #.# #.##
#[.#....##.# ##'## #..##
#..###..##.###...## #...#
#..###..##.##....)## ##..####
#..u....##.#.......##
##......######..@...............#
..............................<.'
##......########...####.........#
###.##..# #....# #........## #
#)##..# #.##.###.#.....## #.##..#
#........##...## #.....#
####.#######+## ####.## #.# #.#
#.# #.# #.#


You could see a brown ugly thing.

Vanquished Creatures
  A steam dragon (D:6)
  A wyvern (D:6)
  An acid dragon (D:7)
  Edmund (D:5)
  A hornet zombie (D:7)
  2 black bears
  Pargi (Sewer)
  4 necrophages
  3 ogres
  An elf zombie (D:5)
  A bullfrog (D:6)
  An elf skeleton (D:5)
  A scorpion (D:4)
  2 wyvern zombies (D:6)
  A water moccasin zombie (D:6)
  A wight (D:6)
  2 bullfrog zombies
  A centaur zombie (D:7)
  A jelly (D:6)
  3 hounds (D:6)
  4 human zombies
  A gnoll shaman (D:7)
  2 iguanas
  Ijyb (D:4)
  Natasha (thrice) (D:4)
  An orc wizard (D:4)
  A killer bee zombie (D:6)
  3 mummies
  2 howler monkey zombies (D:6)
  Robin (D:2)
  A howler monkey skeleton (D:5)
  4 gnolls (D:7)
  8 adders
  A white imp (D:7)
  3 worms
  4 dart slugs
  11 orcs
  8 ball pythons
  6 endoplasms
  4 giant cockroaches
  3 gnoll zombies (Ossuary)
  12 goblins
  12 hobgoblins
  4 jackals (D:3)
  A quokka (D:2)
  6 bats
  3 frilled lizards
  6 goblin zombies (Ossuary)
  2 hobgoblin zombies (Ossuary)
  14 kobolds
  An orc skeleton (D:5)
  3 orc zombies (Ossuary)
  5 rats
171 creatures vanquished.

Notes
Turn   | Place    | Note
-------+----------+-------------------------------------------
     0 | D:1      | seaoflcl the Human Fighter began the quest for the Orb.
     0 | D:1      | Reached XP level 1. HP: 18/18 MP: 1/1
   193 | D:1      | Reached XP level 2. HP: 23/24 MP: 2/2
   537 | D:1      | Reached XP level 3. HP: 29/29 MP: 3/3
   891 | D:1      | Found Odwiud's Weapon Shop.
  1235 | D:1      | Found a faded altar of an unknown god.
  1732 | D:2      | Identified the +5 long sword "Ameheaki" {flame, *Noise rC+
                  | Dex+3}
  1884 | D:2      | Reached XP level 4. HP: 29/35 MP: 4/4
  1903 | D:2      | Noticed Robin
  1907 | D:2      | Killed Robin
  2485 | D:3      | Reached skill level 3 in Long Blades
  2628 | D:3      | Reached XP level 5. HP: 38/41 MP: 5/5
  2951 | D:3      | Found a snail-covered altar of Cheibriados.
  3110 | D:4      | Noticed Ijyb
  3120 | D:4      | Killed Ijyb
  3208 | D:4      | Reached skill level 4 in Long Blades
  3208 | D:4      | Reached XP level 6. HP: 30/47 MP: 6/6
  3337 | D:4      | Found a glowing drain.
  3350 | Sewer    | Entered a sewer
  3361 | Sewer    | Noticed Pargi
  3379 | Sewer    | Killed Pargi
  3666 | D:4      | Noticed Natasha
  3673 | D:4      | Killed Natasha
  3739 | D:4      | Found a sparkling altar of Nemelex Xobeh.
  3764 | D:4      | Noticed Natasha
  3768 | D:4      | Killed Natasha
  3769 | D:4      | Reached skill level 5 in Long Blades
  3888 | D:4      | Reached XP level 7. HP: 52/52 MP: 7/7
  3949 | D:4      | Noticed Natasha
  3957 | D:4      | Killed Natasha
  3968 | D:4      | Found an ornate altar of the Wu Jian Council.
  4750 | D:5      | Entered Level 5 of the Dungeon
  4758 | D:5      | Reached skill level 6 in Long Blades
  4758 | D:5      | Reached skill level 1 in Dodging
  4795 | D:5      | Found a transporter.
  4834 | D:5      | Reached XP level 8. HP: 60/60 MP: 8/8
  4889 | D:5      | Noticed Edmund
  4905 | D:5      | Killed Edmund
  5152 | D:5      | Found a sand-covered staircase.
  5169 | D:5      | Reached skill level 7 in Long Blades
  5169 | D:5      | Reached skill level 5 in Armour
  5172 | Ossuary  | Entered an ossuary
  5529 | D:5      | Found a transporter.
  5562 | D:5      | Found Qeisis's Self-Improvement Boutique.
  6082 | D:5      | Noticed a fire bat
  6158 | D:6      | Reached XP level 9. HP: 66/66 MP: 9/9
  6203 | D:6      | Found a staircase to the Ecumenical Temple.
  6229 | D:6      | Reached skill level 8 in Long Blades
  6396 | D:6      | Reached skill level 5 in Shields
  6400 | D:6      | Reached skill level 5 in Fighting
  6771 | D:6      | Found a hazy altar of Hepliaklqana.
  7136 | D:6      | Found a basalt altar of Yredelemnul.
  7152 | D:6      | Reached skill level 9 in Long Blades
  7371 | Temple   | Entered the Ecumenical Temple
  7468 | Temple   | Became a worshipper of the Shining One
  7640 | D:7      | Reached XP level 10. HP: 16/76 MP: 10/10
  7641 | D:7      | Noticed a brown ugly thing
  7692 | D:6      | HP: 1/76 [brown ugly thing (4)]
  7692 | D:6      | Splashed by a brown ugly thing's acid

Illustrated notes

Levels and vault maps discovered:
D:1:      dpeg_arrival_central, layout_basic, chequers_ecumenical_altar_twisty,
          serial_shops, nicolae_shop_bloodbath_and_beyond, glass_columns_b
D:2:      layout_basic, uniq_robin
D:3:      layout_basic, cheibriados_altar_1
D:4:      layout_layer_cave, mainiacjoe_overflow_tiny_flanked,
          mainiacjoe_overflow_chevrons, cheibrodos_sewer_entry_drain, uniq_ijyb,
          uniq_natasha
D:5:      gammafunk_cloud_chamber, layout_loops_ring,
          nicolae_ossuary_entry_catacombs, nicolae_shop_self_help, uniq_edmund
D:6:      layout_loops_corners, lemuel_mausoleum_altar_yredelemnul,
          mainiacjoe_overflow_alcove_1, temple_fountains
D:7:      layout_rooms
Temple:   kb_temple_of_zot

Skill      XL: |  1  2  3  4  5  6  7  8  9 |
---------------+----------------------------+-----
Long Blades    | 3 4 5 6 7 9 |  9.5
Armour         | 4 5 6 |  6.4
Shields        | 4 5 |  5.4
Dodging        | 1 2 |  2.0
Fighting       | 4 5 |  5.8
Stealth        | |  0.6

Action                   |  1- 3 |  4- 6 |  7- 9 | 10-12 || total
-------------------------+-------+-------+-------+-------++-------
Melee: Long sword        |    90 |   109 |   268 |     6 ||   473
 Fire: Hunting sling     |     1 |       |       |       ||     1
  Use: Scroll            |       |     3 |     6 |       ||     9
       Potion            |       |     1 |     2 |     2 ||     5
Armor: Scale mail        |    39 |    19 |       |       ||    58
       Chain mail        |       |    50 |   130 |     6 ||   186
Dodge: Dodged            |    45 |    39 |   104 |       ||   188
Block: Buckler           |    26 |    36 |    53 |     2 ||   117
